 Dungeon Crawl Stone Soup version 0.31-a0-4-gefa6de2278 (webtiles) character file.

Game seed: 1431539857865850722

90 Darkkill the Shooter (level 4, -2/57 HPs)
             Began as a Minotaur Hunter on May 3, 2023.
             Succumbed to an orc wizard's poison
             ... on level 3 of the Dungeon.
             The game lasted 00:02:44 (1945 turns).

Darkkill the Shooter (Minotaur Hunter)              Turns: 1945, Time: 00:02:45

Health: -2/57      AC:  3    Str: 15    XL:     4   Next: 32%
Magic:  3/3        EV: 12    Int:  6    God:
Gold:   89         SH:  0    Dex: 16    Spells: 3/3 levels left

rFire   . . .        a - +0 shortbow (freeze)
rCold   . . .        (shield currently unavailable)
rNeg    . . .        c - +0 leather armour
rPois   .            (helmet restricted)
rElec   .            (no cloak)
rCorr   .            (no gloves)
SInv    .            (no boots)
Will    .....        (no amulet) Stlth
                     (no ring)
HPRegen 0.29/turn    (no ring)
MPRegen 0.08/turn

%: no passive effects
@: berserking, lethally poisoned (-2 -> -20), about to teleport, very quick
A: horns 2, retaliatory headbutt
a: no special abilities


You were on level 3 of the Dungeon.
You visited 1 branch of the dungeon, and saw 3 of its levels.

You collected 89 gold pieces.

Inventory:

Hand Weapons
 a - a +0 shortbow of freezing (weapon)
Missiles
 k - 6 poisoned darts
 r - 9 stones
Armour
 c - a +0 leather armour (worn)
 d - a +0 pair of gloves
Jewellery
 p - a +6 ring of dexterity
 q - a ring of poison resistance
Scrolls
 b - a scroll of immolation
Potions
 n - a potion of mutation {unknown}
 o - 2 potions of brilliance


   Skills:
 + Level 3.5 Fighting
 + Level 4.9 Ranged Weapons
 + Level 3.1 Dodging
 + Level 2.0 Stealth


You had 3 spell levels left.
You didn't know any spells.
Your spell library contained the following spells:

 Spells                   Type           Power      Damage    Failure   Level
 Freeze                   Ice            0%         1d3       52%         1
 Frozen Ramparts          Ice            0%         1d1       88%         3
 Hailstorm                Conj/Ice       0%         3d3       88%         3


Dungeon Overview and Level Annotations

Branches:
Dungeon (3/15)

Altars:

Shops:
D:2 (


Innate Abilities, Weirdness & Mutations

You have a pair of horns on your head.
You reflexively headbutt those who attack you in melee.


Message History

The arrow freezes the frilled lizard.
You kill the frilled lizard!
No target in view!
e - a scroll of teleportation No target in view!
You now have 89 gold pieces (gained 8).
A rat comes into view.
A rat is nearby!
You shoot an arrow. The arrow closely misses the rat.
You shoot an arrow. The arrow closely misses the rat.
The rat bites you.
A rat is nearby!
A rat is nearby!
You shoot an arrow. The arrow hits the rat.
The arrow freezes the rat.
You kill the rat!
HP restored.
An endoplasm and an orc come into view.
The endoplasm quivers.
The orc shouts!
The orc moves out of view.
You shoot an arrow. The arrow hits the endoplasm.
The arrow freezes the endoplasm.
You kill the endoplasm!
An orc comes into view. It is wielding a +4 short sword.
An orc comes into view. It is wielding a +0 whip.
The orc moves out of view.
There are monsters nearby!
You shoot an arrow. The orc shouts!
The arrow hits the orc.
The arrow freezes the orc.
You kill the orc!
You shoot an arrow. The orc shouts!
The arrow hits the orc.
The arrow freezes the orc.
The orc is moderately wounded.
There are monsters nearby!
There are monsters nearby!
You shoot an arrow. The arrow barely misses the orc.
The arrow hits the orc.
The arrow freezes the orc.
You kill the orc!
An orc is nearby!
You shoot an arrow. The arrow hits the orc!
The arrow freezes the orc.
You kill the orc!
An orc wizard comes into view. It is wielding a +2 dagger of venom.
Your Stealth skill increases to level 2!
You shoot an arrow. The orc wizard shouts!
The arrow hits the orc wizard.
The arrow freezes the orc wizard.
The orc wizard is moderately wounded.
The orc wizard casts a spell at you.
You are confused.
An orc wizard is nearby!
An orc wizard is nearby!
You shoot an arrow.
The arrow hits the orc wizard but does no damage.
The orc wizard is moderately wounded.
The orc wizard casts a spell.
The orc wizard flickers and vanishes!
Deactivating autopickup; reactivate with Ctrl-A.
There is a strange disturbance nearby!
You shoot an arrow. You shoot an arrow.
A puff of flame appears from out of thin air!
The puff of flame hits you!
You shoot an arrow. You shoot an arrow.
There is a strange disturbance nearby!
You feel less confused.
You shoot an arrow.
You hear some strange, mumbled words.
A magic dart appears from out of thin air!
The magic dart hits you. Something hits you but does no damage.
You are poisoned.
You shoot an arrow.
You feel sick.
You hear some strange, mumbled words.
A puff of flame appears from out of thin air!
The puff of flame misses you.
You shoot an arrow.
You feel sick.
You hear some strange, mumbled words.
A puff of flame appears from out of thin air!
The puff of flame misses you.
You shoot an arrow.
You feel sick. Something hits you.
You are more poisoned.
You hear some strange, mumbled words.
A magic dart appears from out of thin air!
The magic dart hits you.
As you read the scroll of teleportation, it crumbles to dust.
You feel strangely unstable.
* * * LOW HITPOINT WARNING * * *
You feel very sick. Something hits you.
* * * LOW HITPOINT WARNING * * *
You are more poisoned.
* * * LOW HITPOINT WARNING * * *
You feel very sick. Something hits you.
* * * LOW HITPOINT WARNING * * *
It was a potion of berserk rage.
A red film seems to cover your vision as you go berserk!
You feel yourself moving faster!
You feel mighty!
You die...

#.#
#.##########
#..........#
##########.#
#.# #.# #.#
#.#
#.#####@#
..))..{.#
.)#######


There were no monsters in sight!

Vanquished Creatures
  4 gnolls (D:2)
  An adder (D:2)
  2 worms (D:2)
  A dart slug (D:1)
  3 orcs (D:3)
  3 endoplasms
  2 giant cockroaches
  A goblin (D:2)
  4 hobgoblins (D:1)
  3 kobolds
  2 ball pythons
  2 bats
  4 frilled lizards
  5 rats
37 creatures vanquished.

Notes
Turn   | Place    | Note
-------+----------+-------------------------------------------
     0 | D:1      | Darkkill the Minotaur Hunter began the quest for the Orb.
     0 | D:1      | Reached XP level 1. HP: 18/18 MP: 0/0
   131 | D:1      | Reached skill level 1 in Stealth
   133 | D:1      | You fall into a shaft and drop 1 floor!
   133 | D:2      | Found Dyhud's Antique Weapon Emporium.
   221 | D:2      | Reached XP level 2. HP: 18/25 MP: 1/1
   863 | D:2      | Reached XP level 3. HP: 31/31 MP: 2/2
   964 | D:2      | Reached XP level 4. HP: 38/38 MP: 3/3
  1944 | D:3      | HP: 3/38 [poisoned by an orc wizard]
  1944 | D:3      | HP: 1/38 [something (2)]
  1945 | D:3      | Succumbed to an orc wizard's poison

Illustrated notes

Levels and vault maps discovered:
D:1:      erik_arrival_triangle_small, layout_loops_corners, serial_bayou_pond_e
D:2:      layout_loops_corners, serial_shops, nicolae_shop_trees
D:3:      layout_loops_ring, zin_scriptorium, uniq_robin

Skill      XL: |  1  2  3  4 |
---------------+-------------+-----
Stealth        | 1 2 |  2.0
Fighting       | 3 |  3.5
Dodging        | 3 |  3.1
Ranged Weapons | |  4.9

Action                     |  1- 3 |  4- 6 || total
---------------------------+-------+-------++-------
   Fire: Shortbow          |    74 |    40 ||   114
    Use: Scroll            |       |     8 ||     8
         Potion            |       |     1 ||     1
 Armour: Leather armour    |     8 |     3 ||    11
  Dodge: Dodged            |    18 |     6 ||    24

Table legend: (Time is in decaauts)
 A = Elapsed time spent in this place.
 B = Non-inter-level travel time spent in this place.
 C = Inter-level travel time spent in this place.
 D = Time resting spent in this place.
 E = Time spent auto-exploring this place.
 F = Levels seen in this place.
 G = Mean time per level.
                   A        B        C        D        E       F      G
               +--------+--------+--------+--------+--------+-----+--------+
         Total |   1980 |   1938 |     42 |     34 |   1670 |   3 |  660.0 |
       Dungeon |   1980 |   1938 |     42 |     34 |   1670 |   3 |  660.0 |
               +--------+--------+--------+--------+--------+-----+--------+

Top non-repeatable levels by time:
     D:2: 962 daAuts
     D:1: 903 daAuts
     D:3: 114 daAuts

Levels and vault maps discovered:
D:1:      erik_arrival_triangle_small, layout_loops_corners, serial_bayou_pond_e
D:2:      layout_loops_corners, serial_shops, nicolae_shop_trees
D:3:      layout_loops_ring, zin_scriptorium, uniq_robin

Table legend: (Time is in decaauts)
 A = Elapsed time spent in this place.
 B = Non-inter-level travel time spent in this place.
 C = Inter-level travel time spent in this place.
 D = Time resting spent in this place.
 E = Time spent auto-exploring this place.
 F = Levels seen in this place.
 G = Mean time per level.
                   A        B        C        D        E       F      G
               +--------+--------+--------+--------+--------+-----+--------+
         Total |   1980 |   1938 |     42 |     34 |   1670 |   3 |  660.0 |
       Dungeon |   1980 |   1938 |     42 |     34 |   1670 |   3 |  660.0 |
               +--------+--------+--------+--------+--------+-----+--------+

Top non-repeatable levels by time:
     D:2: 962 daAuts
     D:1: 903 daAuts
     D:3: 114 daAuts

Table legend:
 A = Kills in this place as a percentage of kills in the entire game.
 B = Kills by you in this place as a percentage of kills by you in the entire game.
 C = Kills by friends in this place as a percentage of kills by friends in the entire game.
 D = Other kills in this place as a percentage of other kills in the entire game.
 E = Experience gained in this place as a percentage of experience gained in the entire game.
 F = Experience gained in this place divided by the number of levels of this place that you have seen.
                   A       B       C       D       E      F
               +-------+-------+-------+-------+-------+----------------------
         Total | 100.0 | 100.0 |   N/A |   N/A | 100.0 |  43.0
       Dungeon | 100.0 | 100.0 |   N/A |   N/A | 100.0 |  43.0
               +-------+-------+-------+-------+-------+----------------------
